 Dungeon Crawl Stone Soup version 0.21.1-1-g345015f (webtiles) character file.

48 letownia2 the Conjurer (level 3, 0/19 HPs)
             Began as a Tengu Wizard on Mar 5, 2018.
             Slain by a bat (1 damage)
             ... on level 1 of the Dungeon.
             The game lasted 00:04:17 (552 turns).

letownia2 the Conjurer (Tengu Wizard)                Turns: 552, Time: 00:04:18

Health: 0/19       AC:  3    Str:  7    XL:     3   Next: 72%
Magic:  3/8        EV: 14    Int: 19    God:
Gold:   66         SH:  0    Dex: 12    Spells: 2/8 levels left

rFire    . . .     SeeInvis .   f - -1 dagger (curse)
rCold    . . .     Gourm    .   (no shield)
rNeg     . . .     Faith    .   i - +0 leather armour
rPois    .         Spirit   .   b - +0 hat
rElec    .         Reflect  .   (no cloak)
rCorr    .         Harm     .   (no gloves)
MR       .....                  (boots unavailable)
Stlth    +.........             (no amulet)
HPRegen  0.06/turn              (no ring)
MPRegen  0.11/turn              (no ring)

@: confused, flying quickly and evasively, quick
A: beak, talons 3
a: no special abilities


You were on level 1 of the Dungeon.
You were not hungry.

You visited 1 branch of the dungeon, and saw 3 of its levels.

You collected 66 gold pieces.

Inventory:

Hand Weapons
 f - a cursed -1 dagger (weapon)
 l - a +0 hand axe of chopping
Armour
 a - a +0 robe
 b - a +0 hat (worn)
 i - a +0 leather armour (worn)
Jewellery
 g - an uncursed amulet of guardian spirit
Scrolls
 j - a scroll of enchant weapon {unknown}
 k - a scroll of remove curse {unknown}
 m - a scroll of identify {unknown}
Potions
 h - a potion of curing {unknown}
Books
 c - a book of Minor Magic

   Spells                             Type                      Level
   a - Magic Dart                     Conjuration                  1
   b - Blink                          Translocation                2
   c - Call Imp                       Summoning                    2
   d - Slow                           Hexes                        2
   e - Conjure Flame                  Conjuration/Fire             3
   f - Mephitic Cloud                 Conjuration/Poison/Air       3
Comestibles
 d - 3 rations


   Skills:
 - Level 2.1 Dodging
 - Level 2.0 Stealth
 - Level 3.0 Spellcasting
 + Level 4.3 Conjurations
 - Level 1.2 Summonings
   Level 0.7 Translocations
 + Level 1.4 Air Magic


You had 2 spell levels left.
You knew the following spells:

 Your Spells              Type           Power        Failure   Level  Hunger
a - Magic Dart            Conj           ###.         3%          1    None
e - Mephitic Cloud        Conj/Pois/Air  ##......     30%         3    ###....
i - Call Imp              Summ           #.......     22%         2    ##.....


Dungeon Overview and Level Annotations

Branches:
Dungeon (3/15)

Altars:


Innate Abilities, Weirdness & Mutations

You have a beak for a mouth.
You have claws for feet.


Message History

The leopard gecko appears confused.
The leopard gecko bites you.
* * * LOW HITPOINT WARNING * * *
The giant cockroach is engulfed in noxious fumes.
The giant cockroach appears confused.
The rat is engulfed in noxious fumes.
The rat bites you but does no damage. The kobold hits you with a club.
* * * LOW HITPOINT WARNING * * *
The bat hits you but does no damage.
The leopard gecko is engulfed in noxious fumes.
The leopard gecko appears confused.
Unknown command.
Unknown command.
Unknown command.
Unknown command.
It was a potion of flight.
You feel very buoyant.
You swoop lightly up into the air.
You are engulfed in noxious fumes.
You choke on the stench!
You are more confused.
The bat hits you.
You die...

#........ ###........
#.......... ###
####.#.......# #+##..
#............. #.....
#.8....l8............#'
#....§§b.....$.....###.
#.....@..........# +.
#....rK§........ ##
#......=s.......
#..............
#..8.....8.....
#...........###
#...........#
#############


You could see a leopard gecko (confused), a giant cockroach (confused), a bat, a
kobold and a rat.

Vanquished Creatures
  An adder (D:2)
  An ooze (D:3)
  3 orcs (D:3)
  A giant cockroach (D:3)
  4 goblins
  7 hobgoblins
  2 kobolds (D:1)
  2 quokkas
  A bat (D:3)
  4 frilled lizards
  4 rats
30 creatures vanquished.

Notes
Turn   | Place    | Note
-------+----------+-------------------------------------------
     0 | D:1      | letownia2 the Tengu Wizard began the quest for the Orb.
     0 | D:1      | Reached XP level 1. HP: 10/10 MP: 5/5
    47 | D:1      | Reached skill level 2 in Conjurations
    72 | D:1      | Reached XP level 2. HP: 15/15 MP: 0/7
    83 | D:1      | Learned a level 2 spell: Call Imp
   102 | D:1      | Reached skill level 3 in Conjurations
   266 | D:3      | Reached XP level 3. HP: 12/19 MP: 0/8
   279 | D:2      | Learned a level 3 spell: Mephitic Cloud
   340 | D:3      | Reached skill level 4 in Conjurations
   450 | D:2      | Reached skill level 1 in Air Magic
   552 | D:1      | Slain by a bat

Skill      XL: |  1  2  3 |
---------------+----------+-----
Conjurations   | 2 3 4 |  4.3
Air Magic      | 1 |  1.4
Dodging        | |  2.1
Stealth        | |  2.0
Spellcasting   | |  3.0
Summonings     | |  1.2
Translocations | |  0.7

Action                   || total
-------------------------++-------
Melee: Unarmed           ||     4
       Dagger            ||    36
       Kick              ||    13
       Peck              ||     8
 Cast: Magic Dart        ||    48
       Mephitic Cloud    ||     2
  Use: Potion            ||     1
 Stab: Sleeping          ||     1
Armor: Robe              ||     7
       Leather armour    ||     3
Dodge: Dodged            ||    31
